 Dungeon Crawl Stone Soup version 0.20.1-1-g8b1a95d (webtiles) character file.

2560 equalderp2856 the Cleaver (level 9, -1/75 HPs)
             Began as a Minotaur Fighter on Sept 7, 2017.
             Shot with a sling bullet by Joseph (4 damage)
             ... on level 8 of the Dungeon.
             The game lasted 00:11:36 (7231 turns).

equalderp2856 the Cleaver (Minotaur Fighter)        Turns: 7231, Time: 00:11:37

Health: -1/75      AC:  9    Str: 21    XL:     9   Next: 31%
Magic:  11/11      EV:  9    Int:  6    God:
Gold:   460        SH: 10    Dex: 12    Spells: 5/13 levels left

rFire    . . .     SeeInvis .   a - +0 war axe
rCold    . . .     Gourm    .   c - +0 shield
rNeg     . . .     Faith    .   b - +0 scale mail
rPois    .         Spirit   .   (helmet restricted)
rElec    .         Reflect  .   (no cloak)
rCorr    .         Harm     .   x - +0 pair of gloves
MR       .....                  (no boots)
Stlth    ..........             (no amulet)
Regen    0.3/turn               (no ring)
MPRegen  0.2/turn               (no ring)

@: no status effects
A: retaliatory headbutt, horns 2
a: no special abilities


You were on level 8 of the Dungeon.
You were hungry.

You visited 1 branch of the dungeon, and saw 8 of its levels.

You collected 586 gold pieces.
You spent 126 gold pieces at shops.

Inventory:

Hand Weapons
 a - a +0 war axe (weapon)
 E - a +0 trident
Armour
 b - a +0 scale mail (worn)
 c - a +0 shield (worn)
 x - a +0 pair of gloves (worn)
Jewellery
 i - an uncursed ring of see invisible {unknown}
 r - an uncursed ring of protection from cold {unknown}
 C - an uncursed ring of stealth {unknown}
 D - an uncursed ring of ice {unknown}
Wands
 F - a wand of polymorph (8/24)
 G - a wand of flame (28/48)
Scrolls
 e - 2 scrolls of amnesia {unknown}
 k - a scroll of recharging {unknown}
 l - 5 scrolls of remove curse
 o - a scroll of enchant armour {unknown}
 q - 3 scrolls of teleportation
 t - 2 scrolls of noise
 v - a scroll of fog
 y - 3 scrolls of identify
 J - 3 scrolls of blinking {unknown}
Potions
 d - 2 potions of might
 j - 3 potions of flight
 m - a potion of lignification {unknown}
 n - 2 potions of haste
 s - 3 potions of brilliance {unknown}
 u - a potion of heal wounds {unknown}
 z - 3 potions of agility {unknown}
 A - a potion of resistance {unknown}
 H - 2 potions of mutation {unknown}
Books
 w - a book of Air

   Spells                             Type                      Level
   a - Shock                          Conjuration/Air              1
   b - Swiftness                      Charms/Air                   2
   c - Static Discharge               Conjuration/Air              3
   d - Airstrike                      Air                          4
   e - Lightning Bolt                 Conjuration/Air              5
 B - a book of Minor Magic

   Spells                             Type                      Level
   a - Magic Dart                     Conjuration                  1
   b - Blink                          Translocation                2
   c - Call Imp                       Summoning                    2
   d - Slow                           Hexes                        2
   e - Conjure Flame                  Conjuration/Fire             3
   f - Mephitic Cloud                 Conjuration/Poison/Air       3
 I - a book of Changes

   Spells                             Type                      Level
   a - Beastly Appendage              Transmutation                1
   b - Sticks to Snakes               Transmutation                2
   c - Spider Form                    Transmutation/Poison         3
   d - Ice Form                       Ice/Transmutation            4
   e - Blade Hands                    Transmutation                5
Comestibles
 f - 3 bread rations
 g - 5 meat rations
 h - a royal jelly


   Skills:
 + Level 6.0 Fighting
 + Level 9.3 Axes
 + Level 7.8 Armour
 + Level 2.4 Dodging
 + Level 1.2 Stealth
 + Level 6.9 Shields
 + Level 1.4 Unarmed Combat
 * Level 2.6 Spellcasting


You had 5 spell levels left.
You knew the following spells:

 Your Spells              Type           Power        Failure   Level  Hunger
a - Blink                 Tloc           N/A          99%         2    ###....
b - Airstrike             Air            #.........   100%        4    #####..
c - Swiftness             Chrm/Air       #.......     99%         2    ###....


Dungeon Overview and Level Annotations

Branches:
Dungeon (8/15)             Temple (0/1) D:4
   Lair: D:8-11

Altars:
Ashenzari

Shops:
D:4 (??

Annotations:
D:4 1 runed door
D:8 Joseph


Innate Abilities, Weirdness & Mutations

You reflexively headbutt those who attack you in melee.
You have a pair of horns on your head.


Message History

You see here a sling bullet.
Joseph shoots a sling bullet.
The sling bullet hits you. The sling bullet burns you.
Joseph shoots a sling bullet.
The sling bullet hits you. The sling bullet burns you.
Joseph drinks a potion.
Joseph seems to speed up.
Joseph shoots a sling bullet.
The sling bullet hits you!
* * * LOW HITPOINT WARNING * * *
The sling bullet burns you.
* * * LOW HITPOINT WARNING * * *
Joseph shoots a sling bullet.
The sling bullet hits you.
* * * LOW HITPOINT WARNING * * *
The sling bullet burns you.
* * * LOW HITPOINT WARNING * * *
There is a stone staircase leading up, spattered with blood here.
You see here 6 sling bullets.
Joseph shoots a sling bullet.
The sling bullet hits you!
* * * LOW HITPOINT WARNING * * *
The sling bullet burns you.
You die...

##..##.#.#.##.(..####
#..###.#..####(.....#
..## ###...###..(...#
.## ######...###.@..#
## #..#.##.## ##..(#
# ##.....# #(..#
##......## #...# #
##........# ##...#
####........## #@...#
..........### #....#
....>....## #.....#
........## #.......#
#.......# #.....#....
#......##
#.....#####..
#......# #.....## ##.
##....## #.....
#...##


You could see Joseph.

Vanquished Creatures
  Pikel (D:6)
  Psyche (D:8)
  Edmund (D:6)
  3 wargs (D:8)
  Duvessa (D:4)
  2 ice beasts
  2 sky beasts
  A centaur (D:7)
  A bullfrog (D:6)
  Dowan (D:4)
  A crimson imp (D:6)
  A bullfrog skeleton (D:5)
  A jelly (D:6)
  An orc priest (D:8)
  A hound (D:7)
  A gnoll shaman (D:6)
  2 iguanas
  3 orc wizards
  5 worker ants
  2 hound skeletons
  4 gnolls (D:6)
  8 adders
  A shadow imp (D:8)
  3 oozes
  2 adder skeletons
  3 worms
  2 leopard geckos (D:5)
  7 orcs
  3 giant cockroaches
  10 goblins
  10 hobgoblins
  3 jackals
  5 kobolds
  4 quokkas
  2 ball pythons
  8 bats
  5 frilled lizards
  2 leopard gecko skeletons
  A quokka skeleton (D:4)
  3 rats (D:2)
118 creatures vanquished.

Vanquished Creatures (others)
  A slave (D:6)
  An ogre (D:6)
  An orc priest (D:6)
  3 orcs (D:6)
6 creatures vanquished.

Grand Total: 124 creatures vanquished

Notes
Turn   | Place    | Note
-------+----------+-------------------------------------------
     0 | D:1      | equalderp2856 the Minotaur Fighter began the quest for the Orb.
     0 | D:1      | Reached XP level 1. HP: 19/19 MP: 0/0
   308 | D:1      | Reached XP level 2. HP: 27/27 MP: 1/1
   966 | D:2      | Reached skill level 3 in Axes
  1059 | D:2      | Reached XP level 3. HP: 27/33 MP: 2/2
  1255 | D:2      | Reached XP level 4. HP: 31/40 MP: 3/3
  1444 | D:3      | Reached skill level 4 in Axes
  2181 | D:4      | Found Imuxziwo's Magic Scroll Emporium.
  2189 | D:4      | Bought a scroll of noise for 14 gold pieces
  2189 | D:4      | Bought a scroll of teleportation for 42 gold pieces
  2189 | D:4      | Bought a scroll of remove curse for 42 gold pieces
  2189 | D:4      | Bought a scroll of fog for 28 gold pieces
  2250 | D:4      | Found Feggein's Magic Scroll Emporium.
  2263 | D:4      | Reached XP level 5. HP: 44/46 MP: 4/4
  2325 | D:4      | Found a staircase to the Ecumenical Temple.
  2343 | D:4      | Found Exoudiu's Antique Weapon Boutique.
  2586 | D:4      | Reached skill level 5 in Axes
  2790 | D:4      | Found a runed door.
  2805 | D:4      | Noticed Duvessa
  2805 | D:4      | Noticed Dowan
  2811 | D:4      | Killed Duvessa
  2811 | D:4      | Reached skill level 5 in Shields
  2811 | D:4      | Reached XP level 6. HP: 50/53 MP: 5/5
  2812 | D:4      | Reached skill level 5 in Armour
  2814 | D:4      | Killed Dowan
  3086 | D:5      | Entered Level 5 of the Dungeon
  3156 | D:5      | Reached skill level 6 in Axes
  3173 | D:5      | Reached skill level 1 in Dodging
  3173 | D:5      | Reached XP level 7. HP: 26/60 MP: 6/6
  3515 | D:5      | Found a shattered altar of Ashenzari.
  3646 | D:5      | Learned a level 2 spell: Blink
  3651 | D:5      | Learned a level 4 spell: Airstrike
  3959 | D:5      | Reached skill level 7 in Axes
  4101 | D:6      | Reached skill level 5 in Fighting
  4218 | D:6      | Noticed Edmund
  4258 | D:6      | Killed Edmund
  4258 | D:6      | Reached skill level 1 in Spellcasting
  4258 | D:6      | Reached XP level 8. HP: 16/68 MP: 8/8
  4461 | D:6      | Learned a level 2 spell: Swiftness
  4664 | D:6      | Reached skill level 8 in Axes
  4730 | D:6      | Noticed Pikel
  4791 | D:6      | Killed Pikel
  4791 | D:6      | Reached skill level 1 in Unarmed Combat
  5398 | D:7      | Reached skill level 9 in Axes
  5789 | D:8      | Noticed Psyche
  5798 | D:8      | Killed Psyche
  5798 | D:8      | Reached skill level 1 in Stealth
  5798 | D:8      | Reached XP level 9. HP: 55/75 MP: 11/11
  5991 | D:8      | Noticed Joseph
  6010 | D:8      | HP: 3/75 [Joseph/sling bullet (1)]
  7231 | D:8      | HP: 3/75 [Joseph/sling bullet (7)]
  7231 | D:8      | Shot with a sling bullet by Joseph

Skill      XL: |  1  2  3  4  5  6  7  8  9 |
---------------+----------------------------+-----
Shields        | 4 5 6 |  6.9
Axes           | 3 4 5 6 7 9 |  9.3
Armour         | 4 5 6 7 |  7.8
Fighting       | 4 5 6 |  6.0
Dodging        | 1 2 |  2.4
Spellcasting   | 1 2 |  2.6
Unarmed Combat | 1 |  1.4
Stealth        | 1 |  1.2

Action                   |  1- 3 |  4- 6 |  7- 9 || total
-------------------------+-------+-------+-------++-------
Melee: War axe           |    82 |   110 |   162 ||   354
       Headbutt          |     4 |    27 |    34 ||    65
       Unarmed           |       |       |     9 ||     9
  Use: Scroll            |       |       |     1 ||     1
 Stab: Confused          |       |       |     1 ||     1
  Eat: Chunk             |     1 |     5 |     9 ||    15
       Fruit             |       |     1 |     2 ||     3
       Royal jelly       |       |       |     1 ||     1
Armor: Scale mail        |    49 |    36 |    66 ||   151
       Skin              |       |       |     3 ||     3
Dodge: Dodged            |    21 |    36 |    50 ||   107
Block: Shield            |    58 |    61 |    90 ||   209
